 Dungeon Crawl Stone Soup version 0.18-a0-1514-g6ed9364 (webtiles) character file.

443 SlimeFever the Slasher (level 6, -1/48 HPs)
             Began as a Demonspawn Berserker on Mar 6, 2016.
             Was a Priest of Trog.
             Succumbed to Edmund's poison
             ... on level 4 of the Dungeon.
             The game lasted 00:23:43 (2545 turns).

SlimeFever the Slasher (Demonspawn Berserker)       Turns: 2545, Time: 00:23:43

Health: -1/48      AC:  6    Str: 20    XL:     6   Next: 71%
Magic:  4/7        EV: 12    Int:  8    God:    Trog [***...]
Gold:   226        SH:  0    Dex: 12    Spells: 0 memorised, 5 levels left

rFire  . . .     SeeInvis .     a - +1 falchion
rCold  . . .     Gourm    .     n - +1 ring mail
rNeg   . . .     Faith    .     (no shield)
rPois  .         Spirit   +     (no helmet)
rElec  .         Dismiss  .     (no cloak)
rCorr  .         Reflect  .     (no gloves)
SustAt .         Harm     .     (no boots)
MR     .....                    (no amulet)
Stlth  +.........               (no ring)
                                (no ring)

@: lethally poisoned (-1 -> -14), very slightly contaminated, invisible, not
resistant to hostile enchantments, very unstealthy
A: claws 1, magic shield
a: Berserk, Trog's Hand, Burn Spellbooks, Renounce Religion


You were on level 4 of the Dungeon.
You worshipped Trog.
Trog was most pleased with you.
You were not hungry.

You visited 1 branch of the dungeon, and saw 4 of its levels.

You collected 226 gold pieces.

Inventory:

Hand Weapons
 a - a +1 falchion (weapon)
Missiles
 e - 18 arrows
 i - 17 bolts of flame
 k - 19 poisoned needles
 l - 8 needles of confusion
Armour
 b - a +0 animal skin
 n - a +1 ring mail (worn)
Rods
 w - a +0 lightning rod (12/12)
   (You found it on level 3 of the Dungeon)
Scrolls
 o - a scroll of magic mapping
 s - a scroll of identify
Potions
 d - a potion of haste
 g - a potion of heal wounds
 p - 2 potions of cure mutation
 t - a potion of cancellation
 z - a potion of brilliance
Comestibles
 c - 3 bread rations
 f - a royal jelly
 j - a beef jerky
 q - 3 meat rations
 u - 2 slices of pizza


   Skills:
 + Level 4.2 Fighting
 * Level 4.6 Long Blades
 + Level 3.0 Armour
 + Level 3.5 Dodging
 + Level 2.3 Invocations


You had 5 spell levels left.
You didn't know any spells.

Dungeon Overview and Level Annotations

Branches:
Dungeon (4/15)             Temple (0/1) D:4

Altars:
Okawaru
Vehumet
Zin

Annotations:
D:4 Edmund


Innate Abilities, Weirdness & Mutations

You have sharp fingernails.
When hurt, damage is shared between your health and your magic reserves.


Message History

* * * LOW HITPOINT WARNING * * *
You feel sick. Edmund closely misses you.
You strike the helpless Edmund from behind!
You hit Edmund.
Edmund is moderately wounded.
* * * LOW HITPOINT WARNING * * *
You feel sick. Edmund misses you.
You hit Edmund but do no damage.
Edmund is moderately wounded.
* * * LOW HITPOINT WARNING * * *
You feel sick. Edmund barely misses you.
* * * LOW HITPOINT WARNING * * *
You feel sick.
* * * LOW HITPOINT WARNING * * *
You feel sick.
Found 15 arrows of flame.
* * * LOW HITPOINT WARNING * * *
You feel sick.
You see here 17 sling bullets.
You die...

## #. .! #.. ... ##### #..
#+# ..[# #....
#..##@###...# #.##.
#...(........ #.#..
#..##........<... #....
#.......w.......######.#..
#..##..##@###...##.....#..
#..##.. #w########........
#....(. #.........<....#..
#..... #....@.........#..
#..##. ######'###........


You could see Edmund and 2 worms.

Vanquished Creatures
  Sigmund (D:3)
  An ogre (D:4)
  A scorpion (D:4)
  An iguana (D:4)
  4 adders
  2 worms (D:3)
  3 dart slugs
  2 giant geckos
  3 orcs
  A ball python (D:1)
  9 bats
  4 giant cockroaches
  4 goblins
  3 hobgoblins
  5 jackals
  14 kobolds
  A giant gecko skeleton (D:4)
  6 giant newts
  5 rats
70 creatures vanquished.

Notes
Turn   | Place    | Note
--------------------------------------------------------------
     0 | D:1      | SlimeFever the Demonspawn Berserker began the quest for the Orb.
     0 | D:1      | Reached XP level 1. HP: 18/18 MP: 1/1
   230 | D:1      | Gained mutation: When hurt, damage is shared between your health and your magic reserves. [demonic ancestry]
   230 | D:1      | Reached XP level 2. HP: 21/24 MP: 2/2
   425 | D:1      | Reached ** piety under Trog
   718 | D:2      | Reached XP level 3. HP: 27/29 MP: 3/3
  1302 | D:3      | Reached XP level 4. HP: 18/35 MP: 1/4
  1407 | D:3      | Noticed Sigmund
  1591 | D:3      | HP: 1/36 [Sigmund/puff of flame (5)]
  1843 | D:3      | Found an iron altar of Okawaru.
  1843 | D:3      | Found a glowing silver altar of Zin.
  2050 | D:3      | Killed Sigmund
  2050 | D:3      | Reached skill level 1 in Invocations
  2050 | D:3      | Gained mutation: You have sharp fingernails. [demonic ancestry]
  2050 | D:3      | Reached XP level 5. HP: 12/42 MP: 0/6
  2080 | D:4      | Found a radiant altar of Vehumet.
  2091 | D:4      | Reached XP level 6. HP: 33/48 MP: 3/7
  2207 | D:4      | Found a staircase to the Ecumenical Temple.
  2355 | D:4      | Reached *** piety under Trog
  2509 | D:4      | Noticed Edmund
  2543 | D:4      | HP: 2/48 [poisoned by Edmund]
  2545 | D:4      | Succumbed to Edmund's poison

Vault maps used:
D:1:      minmay_arrival_glassed_features
D:3:      gammafunk_temple_overflow_statue, uniq_sigmund
D:4:      nicolae_overflow_hidden_temple, minmay_temple_entry_large_hall,
          uniq_edmund

Skill      XL: |  1  2  3  4  5  6 |
---------------+-------------------+-----
Long Blades    | 3 4 |  4.6
Dodging        | 2 3 |  3.5
Armour         | 2 3 |  3.0
Invocations    | 1 2 |  2.3
Fighting       | 4 |  4.2

Action                   |  1- 3 |  4- 6 || total
-------------------------+-------+-------++-------
Melee: Falchion          |   171 |   215 ||   386
Invok: Trog's Hand       |       |     3 ||     3
       Berserk           |       |     1 ||     1
  Use: Scroll            |     5 |     4 ||     9
       Potion            |       |    11 ||    11
 Stab: Invisible         |       |     2 ||     2
  Eat: Bread ration      |       |     1 ||     1
       Fruit             |       |     4 ||     4
       Royal jelly       |       |     1 ||     1
